 Dungeon Crawl Stone Soup version 0.27.0-1-g7a089689b8 (webtiles) character file.

Game seed: 2869280898652158905

157 dolemite99 the Poker (level 5, -3/38 HPs)
             Began as a Demonspawn Gladiator on Aug 9, 2021.
             Slain by an ogre (25 damage)
             ... on level 4 of the Dungeon.
             The game lasted 00:05:57 (3402 turns).

dolemite99 the Poker (Demonspawn Gladiator)         Turns: 3402, Time: 00:05:57

Health: -3/38      AC: 12    Str: 15    XL:     5   Next: 15%
Magic:  5/5        EV:  7    Int:  9    God:
Gold:   87         SH:  0    Dex: 15    Spells: 4/4 levels left

rFire    . . .     SeeInvis .   a - +2 trident
rCold    . . .     Faith    .   (no shield)
rNeg     . . .     Spirit   .   n - +0 chain mail
rPois    .         Reflect  .   d - +1 helmet
rElec    .         Harm     .   (no cloak)
rCorr    .         Rampage  .   (no gloves)
Will     .....                  (no boots)
Stlth    ..........             (no amulet)
HPRegen  0.12/turn              p - ring of flight
MPRegen  0.09/turn              (no ring)

@: flying
A: icy blue scales 1, spiny 1
a: no special abilities


You were on level 4 of the Dungeon.
You visited 1 branch of the dungeon, and saw 4 of its levels.
You also visited: Sewer.

You collected 87 gold pieces.

Inventory:

Hand Weapons
 a - a +2 trident (weapon)
Missiles
 b - a poisoned dart (quivered)
 c - 2 throwing nets
 e - 2 atropa-tipped darts
 g - 75 stones
 j - 38 arrows
Armour
 d - a +1 helmet (worn)
 m - a +0 cloak
 n - a +0 chain mail (worn)
Jewellery
 p - a ring of flight (left hand)
Scrolls
 q - 3 scrolls of teleportation
 s - a scroll of fear
Potions
 f - a potion of attraction {unknown}
 h - a potion of invisibility {unknown}
 i - 2 potions of curing
 k - 2 potions of ambrosia {unknown}
 l - a potion of magic
 o - 4 potions of flight


   Skills:
 - Level 2.0 Fighting
 + Level 4.7 Polearms
 - Level 3.0 Throwing
 - Level 2.6 Dodging


You had 4 spell levels left.
You didn't know any spells.
Your spell library contained the following spells:

 Spells                   Type           Power      Damage    Failure   Level
 Foxfire                  Conj/Fire      0%         2x1d4     100%        1
 Pain                     Necr           0%         1d4       100%        1
 Conjure Flame            Conj/Fire      0%         6-21      100%        3
 Inner Flame              Hex/Fire       0%         N/A       100%        3
 Stone Arrow              Conj/Erth      0%         3d7       100%        3
 Animate Armour           Summ/Erth      0%         N/A       100%        4
 Agony                    Necr           0%         N/A       100%        5
 Excruciating Wounds      Necr           0%         N/A       100%        5
 Lehudib's Crystal Spear  Conj/Erth      0%         10d2      100%        8


Dungeon Overview and Level Annotations

Branches:
Dungeon (4/15)              Sewer (visited)
 Temple: D:4-7

Altars:

Annotations:
D:4 2 runed translucent doors


Innate Abilities, Weirdness & Mutations

You are partially covered in icy blue scales. (AC +2)
You are partially covered in sharp spines.


Message History

q - 3 scrolls of teleportation (gained 1)
You throw a poisoned dart.
The poisoned dart completely misses the goblin.
You throw a poisoned dart. The poisoned dart hits the goblin.
The goblin is poisoned.
You throw a poisoned dart. The poisoned dart hits the goblin!
The goblin looks even sicker.
You reach to attack!
You barely miss the goblin. You closely miss the goblin.
You kill the goblin!
No target in view!
No target in view!
You see here a +0 dagger.
b - 6 poisoned darts (gained 1)
b - 7 poisoned darts (gained 1)
An ogre comes into view. It is wielding a +0 giant club.
You throw a poisoned dart. The poisoned dart hits the ogre.
You throw a poisoned dart.
The poisoned dart barely misses the ogre.
You throw a poisoned dart. The poisoned dart hits the ogre.
The ogre is poisoned.
You throw a poisoned dart. The poisoned dart hits the ogre.
The ogre looks even sicker.
The ogre is lightly wounded.
You throw a poisoned dart.
The poisoned dart barely misses the ogre.
You throw a poisoned dart. The poisoned dart hits the ogre!
The ogre looks as sick as possible!
The ogre is lightly wounded.
You reach to attack!
You barely miss the ogre.
The ogre is lightly wounded.
You barely miss the ogre.
The ogre is moderately wounded.
The ogre hits you with a +0 giant club!
You hit the ogre.
The ogre is heavily wounded.
The ogre is struck by your spines.
The ogre hits you with a +0 giant club!!
Ouch! That really hurt!
You die...

#......... #...........#.##.....
..#>...... ..#.........#.#####÷#
..#....... .......#..#.##.##.....
..#....... .####.....#.##.#..#..≈
#.#....... ####...#...##....≈≈≈≈
..#....... #..............#≈≈≈≈≈
#.......## #...............≈≈≈≈≈
..#.###.#####......)........≈≈≈.≈
#..... (.(((.O@.###..###..≈≈≈≈≈
....... (...(....#........#≈≈≈≈≈
. .. . .........#..........≈≈≈≈ .
... .(..................#≈..
................#.......
..........###..........#
..........# ####.......#
......[...# #.......# #.......#


You could see an ogre (extremely poisoned).

Vanquished Creatures
  A scorpion (D:4)
  2 adders (D:2)
  3 worms
  A dart slug (D:2)
  An orc (D:3)
  9 endoplasms
  6 giant cockroaches
  3 goblins
  7 hobgoblins
  4 jackals (Sewer)
  3 quokkas
  6 ball pythons
  10 bats
  3 kobolds
  4 rats
63 creatures vanquished.

Notes
Turn   | Place    | Note
-------+----------+-------------------------------------------
     0 | D:1      | dolemite99 the Demonspawn Gladiator began the quest for the
                  | Orb.
     0 | D:1      | Reached XP level 1. HP: 16/16 MP: 1/1
   668 | D:1      | Reached skill level 3 in Polearms
  1076 | D:2      | Gained mutation: You are partially covered in sharp spines.
                  | [demonic ancestry]
  1076 | D:2      | Reached XP level 2. HP: 17/22 MP: 2/2
  1335 | D:2      | Found a faded altar of an unknown god.
  1414 | D:2      | Gained mutation: You are partially covered in icy blue
                  | scales. (AC +2) [demonic ancestry]
  1414 | D:2      | Reached XP level 3. HP: 26/27 MP: 3/3
  1452 | D:2      | Reached skill level 4 in Polearms
  2341 | D:4      | Noticed a scorpion
  2357 | D:4      | Killed a scorpion
  2358 | D:4      | Reached XP level 4. HP: 19/33 MP: 4/4
  2656 | D:4      | Found a large runed translucent door.
  2659 | D:4      | Found a large runed translucent door.
  2693 | D:4      | Found Kaxir's Assorted Antiques.
  2750 | D:4      | Found a glowing drain.
  2772 | Sewer    | Entered a sewer
  2874 | Sewer    | Reached XP level 5. HP: 38/38 MP: 5/5
  3393 | D:4      | Noticed an ogre
  3402 | D:4      | Slain by an ogre

Illustrated notes

Levels and vault maps discovered:
D:1:      tarquinn_simple_flora_water_e, layout_basic, minmay_tetromino_t2
D:2:      layout_basic, hellmonk_ecumenical_altar_zigzags
D:3:      layout_rooms, minmay_randomly_rotated_circles, uniq_jessica
D:4:      layout_rooms, jmf_multi_god_temple2, cheibrodos_sewer_entry_drain,
          serial_shops, shop

Skill      XL: |  1  2  3  4 |
---------------+-------------+-----
Polearms       | 3 4 |  4.7
Throwing       | 2 3 |  3.0
Fighting       | |  2.0
Dodging        | |  2.6

Action                   |  1- 3 |  4- 6 || total
-------------------------+-------+-------++-------
Melee: Trident           |    93 |    47 ||   140
Throw: Dart              |     5 |    28 ||    33
       Throwing net      |     3 |       ||     3
  Use: Scroll            |     6 |     4 ||    10
Armor: Ring mail         |    41 |       ||    41
       Chain mail        |    13 |    22 ||    35
Dodge: Dodged            |    53 |     9 ||    62
